TOP OF THE 1ST |
Chula Vista Tacos batting - Pitching for Eau Claire Esquires : RHP José Abacil
|
Pitching: RHP José Abacil
|
|
Batting: RHB Kevin Brown
|
0-0: Called Strike 0-1: SINGLE (Flyball, 8RS)
|
Batting: RHB Doug Brown
|
0-0: Ball Kevin Brown steals 2nd base 1-0: Ball 2-0: SINGLE (Line Drive, 56) Kevin Brown to third
|
Batting: RHB Scott Green
|
0-0: SINGLE (Flyball, 9LS) Kevin Brown scores Doug Brown to second
|
Batting: LHB Noriaki Sangi
|
0-0: Called Strike 0-1: Ball 1-1: Called Strike 1-2: SINGLE (Line Drive, 89S) Doug Brown to third Scott Green to second
|
Batting: RHB Dave O'Neil
|
0-0: Grounds into fielders choice 1-2 (Groundball, 13) Scott Green to third Noriaki Sangi to second
|
Batting: LHB José Torres
|
0-0: Ball 1-0: Ball 2-0: Swinging Strike 2-1: Foul Ball, location: 2F 2-2: Ball 3-2: Strikes out looking
|
Batting: SHB Adrián Nieto
|
0-0: Swinging Strike 0-1: Called Strike 0-2: Ball 1-2: Strikes out swinging
|
Top of the 1st over - 1 run(s), 4 hit(s), 0 error(s), 3 left on base; Chula Vista 1 - Eau Claire 0 |
BOTTOM OF THE 1ST |
Eau Claire Esquires batting - Pitching for Chula Vista Tacos : RHP Enrique Sánchez
|
Pitching: RHP Enrique Sánchez
|
|
Batting: RHB Tony Quinn
|
0-0: Ground out 6-3 (Groundball, 6M)
|
Batting: RHB Carlos Rea
|
0-0: Ball 1-0: Swinging Strike 1-1: Ball 2-1: Fly out, F9 (Flyball, 9M)
|
Batting: LHB Dave Gray
|
0-0: SINGLE (Groundball, 3D)
|
Batting: LHB Eric Peterson
|
0-0: Ball 1-0: Ground out 4-3 (Groundball, 4)
|
Bottom of the 1st over - 0 run(s), 1 hit(s), 0 error(s), 1 left on base; Chula Vista 1 - Eau Claire 0 |
TOP OF THE 2ND |
Chula Vista Tacos batting - Pitching for Eau Claire Esquires : RHP José Abacil
|
Batting: SHB Brian Price
|
0-0: Foul Ball, location: 2F 0-1: Ball 1-1: Fly out, F6 (Popup, 5D)
|
Batting: LHB Jaime Icaza
|
0-0: Ball 1-0: Foul Ball, location: 2F 1-1: Foul Ball, location: 2F 1-2: Ball 2-2: Ball 3-2: Foul Ball, location: 2F 3-2: Base on Balls
|
Batting: RHB Kevin Brown
|
0-0: Ball 1-0: Fly out, F9 (Flyball, 89M)
|
Batting: RHB Doug Brown
|
0-0: Ball 1-0: Foul Ball, location: 2F 1-1: Ball 2-1: Ball 3-1: SINGLE (Groundball, 5L) Jaime Icaza to second
|
Batting: RHB Scott Green
|
0-0: Called Strike 0-1: Called Strike 0-2: Strikes out swinging
|
Top of the 2nd over - 0 run(s), 1 hit(s), 0 error(s), 2 left on base; Chula Vista 1 - Eau Claire 0 |
BOTTOM OF THE 2ND |
Eau Claire Esquires batting - Pitching for Chula Vista Tacos : RHP Enrique Sánchez
|
Batting: RHB Miguel Hernández
|
0-0: Ball 1-0: Ball 2-0: Foul Ball, location: 2F 2-1: Swinging Strike 2-2: Ball 3-2: Foul Ball, location: 2F 3-2: Strikes out swinging
|
Batting: LHB Edwin Ryan
|
0-0: Ball 1-0: TRIPLE (Flyball, 8RM)
|
Batting: RHB Nobuharu Hoshino
|
0-0: Ball 1-0: Foul Ball, location: 2F 1-1: Ball 2-1: Swinging Strike 2-2: Strikes out swinging
|
Batting: LHB Jorge Fernández
|
0-0: Called Strike 0-1: Called Strike 0-2: Ball 1-2: Ball 2-2: Ground out 4-3 (Groundball, 4)
|
Bottom of the 2nd over - 0 run(s), 1 hit(s), 0 error(s), 1 left on base; Chula Vista 1 - Eau Claire 0 |
TOP OF THE 3RD |
Chula Vista Tacos batting - Pitching for Eau Claire Esquires : RHP José Abacil
|
Batting: LHB Noriaki Sangi
|
0-0: Ground out 5-3 (Groundball, 56)
|
Batting: RHB Dave O'Neil
|
0-0: Ball 1-0: Fly out, F3 (Popup, 3)
|
Batting: LHB José Torres
|
0-0: Called Strike 0-1: Fly out, F7 (Line Drive, 7S)
|
Top of the 3rd over - 0 run(s), 0 hit(s), 0 error(s), 0 left on base; Chula Vista 1 - Eau Claire 0 |
BOTTOM OF THE 3RD |
Eau Claire Esquires batting - Pitching for Chula Vista Tacos : RHP Enrique Sánchez
|
Batting: RHB Seiji Kouno
|
0-0: Foul Ball, location: 2F 0-1: Ground out 5-3 (Groundball, 56)
|
Batting: RHB Tony Quinn
|
0-0: Ball 1-0: Called Strike 1-1: Fly out, F7 (Line Drive, 7M)
|
Batting: RHB Carlos Rea
|
0-0: Fly out, F9 (Flyball, 9LS)
|
Bottom of the 3rd over - 0 run(s), 0 hit(s), 0 error(s), 0 left on base; Chula Vista 1 - Eau Claire 0 |
TOP OF THE 4TH |
Chula Vista Tacos batting - Pitching for Eau Claire Esquires : RHP José Abacil
|
Batting: SHB Adrián Nieto
|
0-0: Ball 1-0: Swinging Strike 1-1: Called Strike 1-2: Foul Ball, location: 2F 1-2: Ball 2-2: Ground out 4-3 (Groundball, 4M)
|
Batting: SHB Brian Price
|
0-0: Ball 1-0: Called Strike 1-1: Ball Reached via error on a dropped throw, E3
|
Batting: LHB Jaime Icaza
|
0-0: Foul Ball, location: 2F 0-1: SINGLE (Line Drive, 9S) Brian Price to second Runner from 2nd tries for 3rd, SAFE, throw made to third Jaime Icaza to second
|
Batting: RHB Kevin Brown
|
0-0: Ball 1-0: Called Strike 1-1: Ball 2-1: Swinging Strike 2-2: Strikes out swinging
|
Batting: RHB Doug Brown
|
0-0: Ball 1-0: SINGLE (Line Drive, 4MD) Brian Price scores Jaime Icaza to third Runner from 3rd tries for Home, SAFE, no throw or cutoff
|
Batting: RHB Scott Green
|
0-0: Foul Ball, location: 2F 0-1: Ball 1-1: Called Strike 1-2: DOUBLE (Flyball, 9LS) Doug Brown to third
|
Batting: LHB Noriaki Sangi
|
0-0: Called Strike 0-1: Foul Ball, location: 2F 0-2: Ball 1-2: Ball 2-2: Strikes out swinging
|
Top of the 4th over - 2 run(s), 3 hit(s), 1 error(s), 2 left on base; Chula Vista 3 - Eau Claire 0 |
BOTTOM OF THE 4TH |
Eau Claire Esquires batting - Pitching for Chula Vista Tacos : RHP Enrique Sánchez
|
Batting: LHB Dave Gray
|
0-0: Called Strike 0-1: Fly out, F8 (Flyball, 8LS)
|
Batting: LHB Eric Peterson
|
0-0: Swinging Strike 0-1: SINGLE (Line Drive, 6M)
|
Batting: RHB Miguel Hernández
|
0-0: Ball 1-0: Swinging Strike 1-1: Called Strike 1-2: Ball 2-2: Foul Ball, location: 2F 2-2: Strikes out swinging
|
Batting: LHB Edwin Ryan
|
0-0: Called Strike 0-1: Swinging Strike 0-2: Ball 1-2: DOUBLE (Flyball, 8RD) Eric Peterson to third Runner from 3rd tries for Home, SAFE, throw made home
|
Batting: RHB Nobuharu Hoshino
|
0-0: Ball 1-0: Ball 2-0: Swinging Strike 2-1: Ball 3-1: Called Strike 3-2: Ground out 6-3 (Groundball, 6M)
|
Bottom of the 4th over - 1 run(s), 2 hit(s), 0 error(s), 1 left on base; Chula Vista 3 - Eau Claire 1 |
TOP OF THE 5TH |
Chula Vista Tacos batting - Pitching for Eau Claire Esquires : RHP José Abacil
|
Batting: RHB Dave O'Neil
|
0-0: Ball 1-0: Foul Ball, location: 2F 1-1: Ball 2-1: Foul Ball, location: 2F 2-2: Strikes out swinging
|
Batting: LHB José Torres
|
0-0: Fly out, F7 (Flyball, 7M)
|
Batting: SHB Adrián Nieto
|
0-0: Ball 1-0: Foul Ball, location: 2F 1-1: Called Strike 1-2: Strikes out swinging
|
Top of the 5th over - 0 run(s), 0 hit(s), 0 error(s), 0 left on base; Chula Vista 3 - Eau Claire 1 |
BOTTOM OF THE 5TH |
Eau Claire Esquires batting - Pitching for Chula Vista Tacos : RHP Enrique Sánchez
|
Batting: LHB Jorge Fernández
|
0-0: Ball 1-0: Fly out, F6 (Line Drive, 6)
|
Batting: RHB Seiji Kouno
|
0-0: Swinging Strike 0-1: Ground out U3 (Groundball, 3S)
|
Batting: RHB Tony Quinn
|
0-0: Called Strike 0-1: Called Strike 0-2: Foul Ball, location: 2F 0-2: Ball 1-2: Foul Ball, location: 2F 1-2: Strikes out swinging
|
Bottom of the 5th over - 0 run(s), 0 hit(s), 0 error(s), 0 left on base; Chula Vista 3 - Eau Claire 1 |
TOP OF THE 6TH |
Chula Vista Tacos batting - Pitching for Eau Claire Esquires : RHP José Abacil
|
Batting: SHB Brian Price
|
0-0: Bunt missed! 0-1: Ball 1-1: Ball 2-1: Ball 3-1: Base on Balls
|
Pitching: RHP Jeff Lawson
|
|
Batting: LHB Jaime Icaza
|
0-0: Ball 1-0: Foul Ball, location: 2F 1-1: Called Strike 1-2: SINGLE (Line Drive, 4M) Brian Price to second
|
Batting: RHB Kevin Brown
|
0-0: Foul Ball, location: 2F 0-1: Ball 1-1: Ball 2-1: Called Strike 2-2: Ground out U3 (Groundball, 3S) Brian Price to third Jaime Icaza to second
|
Batting: RHB Doug Brown
|
0-0: Called Strike 0-1: Fly out, F4 (Popup, 4)
|
Batting: RHB Scott Green
|
0-0: Reached on error, E6 (Groundball, 6) Brian Price scores Jaime Icaza to third
|
Batting: LHB Noriaki Sangi
|
0-0: Ball 1-0: Swinging Strike 1-1: Foul Ball, location: 2F 1-2: Ball 2-2: Ball Scott Green steals 2nd base 3-2: Base on Balls
|
Batting: RHB Dave O'Neil
|
0-0: Foul Ball, location: 2F 0-1: Ball 1-1: Foul Ball, location: 2F 1-2: Strikes out swinging
|
Top of the 6th over - 1 run(s), 1 hit(s), 1 error(s), 3 left on base; Chula Vista 4 - Eau Claire 1 |
BOTTOM OF THE 6TH |
Eau Claire Esquires batting - Pitching for Chula Vista Tacos : RHP Enrique Sánchez
|
Batting: RHB Carlos Rea
|
0-0: Called Strike 0-1: Ball 1-1: Ball 2-1: Called Strike 2-2: Ground out 4-3 (Groundball, 4M)
|
Batting: LHB Dave Gray
|
0-0: Fly out, F8 (Line Drive, 8RD)
|
Batting: LHB Eric Peterson
|
0-0: Called Strike 0-1: Ball 1-1: Fly out, F7 (Flyball, 7M)
|
Bottom of the 6th over - 0 run(s), 0 hit(s), 0 error(s), 0 left on base; Chula Vista 4 - Eau Claire 1 |
TOP OF THE 7TH |
Chula Vista Tacos batting - Pitching for Eau Claire Esquires : RHP Jeff Lawson
|
Batting: LHB José Torres
|
0-0: Called Strike 0-1: Ball 1-1: Foul Ball, location: 2F 1-2: Strikes out swinging
|
Batting: SHB Adrián Nieto
|
0-0: Ball 1-0: Ground out 3-1 (Groundball, 34)
|
Batting: SHB Brian Price
|
0-0: Foul Ball, location: 2F 0-1: Called Strike 0-2: Ball 1-2: SINGLE (Line Drive, 89S)
|
Batting: LHB Jaime Icaza
|
0-0: Ball 1-0: Foul Ball, location: 2F 1-1: Foul Ball, location: 2F 1-2: Ground out U3 (Groundball, 3L)
|
Top of the 7th over - 0 run(s), 1 hit(s), 0 error(s), 1 left on base; Chula Vista 4 - Eau Claire 1 |
BOTTOM OF THE 7TH |
Eau Claire Esquires batting - Pitching for Chula Vista Tacos : RHP Enrique Sánchez
|
Batting: RHB Miguel Hernández
|
0-0: Swinging Strike 0-1: Ball 1-1: Ball 2-1: SINGLE (Line Drive, 3D)
|
Batting: LHB Edwin Ryan
|
0-0: Ball 1-0: Ball 2-0: Ball 3-0: Base on Balls Miguel Hernández to second
|
Batting: RHB Nobuharu Hoshino
|
0-0: Foul Ball, location: 2F 0-1: Ball 1-1: Swinging Strike 1-2: Foul Ball, location: 2F 1-2: Ball 2-2: Ball 3-2: Base on Balls Miguel Hernández to third Edwin Ryan to second
|
Pitching: LHP Geoff Williams
|
|
Pinch Hitting: LHB Matt Smith
|
0-0: Ball 1-0: SINGLE (Groundball, 6M) Miguel Hernández scores Edwin Ryan to third Nobuharu Hoshino to second Runner from 3rd tries for Home, SAFE, throw made home
|
Batting: RHB Seiji Kouno
|
0-0: Called Strike 0-1: Sac Bunt - play at first, batter OUT! 3-4 Nobuharu Hoshino to third Matt Smith to second
|
Batting: RHB Tony Quinn
|
0-0: Called Strike 0-1: Called Strike 0-2: Strikes out looking
|
Pinch Hitting: RHB Eric Fuller
|
0-0: Ball 1-0: Ball 2-0: Called Strike 2-1: Foul Ball, location: 2F 2-2: Ground out 2-3 (Groundball, 23)
|
Bottom of the 7th over - 2 run(s), 2 hit(s), 0 error(s), 2 left on base; Chula Vista 4 - Eau Claire 3 |
TOP OF THE 8TH |
Chula Vista Tacos batting - Pitching for Eau Claire Esquires : RHP Jeff Lawson
|
Pitching: RHP Jason Elliott
|
|
Now at 1B: Eric Fuller
|
|
Now at 2B: Matt Smith
|
|
Batting: RHB Kevin Brown
|
0-0: Swinging Strike 0-1: Ball 1-1: Ball 2-1: Ball 3-1: Foul Ball, location: 2F 3-2: Strikes out looking
|
Batting: RHB Doug Brown
|
0-0: Called Strike 0-1: Called Strike 0-2: Ball 1-2: Hit by Pitch
|
Batting: RHB Scott Green
|
0-0: Foul Ball, location: 2F 0-1: Foul Ball, location: 2F 0-2: TRIPLE (Flyball, 8RM) Doug Brown scores
|
Batting: LHB Noriaki Sangi
|
0-0: Intentional Walk
|
Batting: RHB Dave O'Neil
|
0-0: Ball 1-0: Fly out, F4 (Line Drive, 4)
|
Batting: LHB José Torres
|
0-0: Foul Ball, location: 2F 0-1: Ball 1-1: Ball 2-1: Ball 3-1: Foul Ball, location: 2F 3-2: Strikes out looking
|
Top of the 8th over - 1 run(s), 1 hit(s), 0 error(s), 2 left on base; Chula Vista 5 - Eau Claire 3 |
BOTTOM OF THE 8TH |
Eau Claire Esquires batting - Pitching for Chula Vista Tacos : LHP Geoff Williams
|
Now in RF: Francisco Rúbio
|
|
Batting: LHB Dave Gray
|
0-0: Called Strike 0-1: Called Strike 0-2: Ball 1-2: Ball 2-2: Strikes out swinging
|
Batting: LHB Eric Peterson
|
0-0: Ball 1-0: Ball 2-0: Called Strike 2-1: Swinging Strike 2-2: Ball 3-2: Ground out 1-3 (Groundball, 13S)
|
Batting: RHB Miguel Hernández
|
0-0: Ball 1-0: Ball 2-0: Ball 3-0: Base on Balls
|
Batting: LHB Edwin Ryan
|
0-0: Swinging Strike 0-1: Ball 1-1: Ball 2-1: Ball 3-1: Base on Balls Miguel Hernández to second
|
Pitching: RHP Doug Singleton
|
|
Pinch Hitting: LHB Michael Cook
|
Balk! Miguel Hernández to third Edwin Ryan to second 0-0: Called Strike 0-1: Ball 1-1: Called Strike 1-2: Ball 2-2: Ball 3-2: Fly out, F9 (Flyball, 89M)
|
Bottom of the 8th over - 0 run(s), 0 hit(s), 0 error(s), 2 left on base; Chula Vista 5 - Eau Claire 3 |
TOP OF THE 9TH |
Chula Vista Tacos batting - Pitching for Eau Claire Esquires : RHP Jason Elliott
|
Now in LF: Michael Cook
|
|
Batting: SHB Adrián Nieto
|
0-0: Ball 1-0: Foul Ball, location: 2F 1-1: Ball 2-1: Ball 3-1: Base on Balls
|
Batting: SHB Brian Price
|
0-0: Ball 1-0: Bunted foul 1-1: Sac Bunt - play at first, batter OUT! 5-4 Adrián Nieto to second
|
Batting: LHB Jaime Icaza
|
0-0: Intentional Walk
|
Batting: RHB Kevin Brown
|
0-0: Called Strike 0-1: Called Strike 0-2: Strikes out swinging
|
Batting: RHB Doug Brown
|
0-0: Swinging Strike 0-1: Foul Ball, location: 2F 0-2: Foul Ball, location: 2F 0-2: Ball 1-2: Foul Ball, location: 2F 1-2: Ball 2-2: Strikes out looking
|
Top of the 9th over - 0 run(s), 0 hit(s), 0 error(s), 2 left on base; Chula Vista 5 - Eau Claire 3 |
|